 Dungeon Crawl Stone Soup version 0.32-a0-738-g1a05c61809 (webtiles) character file.

Game seed: 6847397016440598100

7023 lis82 the Geomancer (level 10, -4/69 HPs)
             Began as a Demigod Earth Elementalist on Mar 17, 2024.
             Slain by Snorg (17 damage)
             ... on level 10 of the Dungeon.
             The game lasted 00:24:03 (9941 turns).

lis82 the Geomancer (Demigod Earth Elementalist)    Turns: 9941, Time: 00:24:05

Health: -4/69      AC:  8    Str: 17    XL:     10   Next: 53%
Magic:  8/24       EV:  9    Int: 27    God:
Gold:   926        SH: 12    Dex: 14    Spells: 12/23 levels left

rFire   . . .        u - +5 dagger (venom)
rCold   . . .        m - +2 kite shield
rNeg    . . .        w - +1 leather armour of Aqiotric {+Inv Regen+}
rPois   .            (no helmet)
rElec   .            y - +2 cloak
rCorr   .            C - +0 pair of gloves
SInv    +            (no boots)
Will    +....        f - amulet of the acrobat
Stlth   ++           j - +6 ring of intelligence
HPRegen 1.11/turn    p - ring of see invisible
MPRegen 0.19/turn

%: acrobat
@: no status effects
A: high MP 1, forlorn, divine attributes
a: Evoke Invisibility


You were on level 10 of the Dungeon.
You visited 1 branch of the dungeon, and saw 10 of its levels.

You collected 926 gold pieces.

Inventory:

Hand Weapons
 u - a +5 dagger of venom (weapon)
 z - a +1 whip of flaming
Missiles
 r - 8 throwing nets
Armour
 m - a +2 kite shield (worn)
 t - a +2 ring mail of cold resistance
 w - the +1 leather armour of Aqiotric (worn) {+Inv Regen+}
   (You found it on level 6 of the Dungeon)

   +Inv:      It lets you turn invisible.
   Regen+:    It increases your rate of health regeneration.
 y - a +2 cloak (worn)
 C - a +0 pair of gloves (worn)
Jewellery
 f - an amulet of the acrobat (around neck)
 i - a ring of ice
 j - a +6 ring of intelligence (left hand)
 k - a ring of ice
 p - a ring of see invisible (right hand)
Wands
 e - a wand of flame (40)
 q - a wand of light (24)
 A - a wand of mindburst (17)
 D - a wand of charming (3)
Scrolls
 a - a scroll of fog
 g - a scroll of immolation
 l - 2 scrolls of poison
 B - 4 scrolls of fear
Potions
 b - a potion of magic
 c - 3 potions of curing
 d - 2 potions of attraction
 h - 5 potions of heal wounds
 n - 3 potions of ambrosia
 o - 2 potions of lignification
 s - a potion of resistance
 v - 3 potions of cancellation {unknown}
 x - 2 potions of mutation
 E - a potion of berserk rage {unknown}


   Skills:
 - Level 1.7 Dodging
 - Level 1.7 Stealth
 - Level 8.0 Shields
 - Level 7.0 Spellcasting
 - Level 0.8 Conjurations
 + Level 7.1 Ice Magic
 - Level 8.4 Earth Magic


You had 12 spell levels left.
You knew the following spells:

 Your Spells              Type           Power      Damage    Failure   Level
a - Sandblast             Erth           100%       2d20      1%          1
b - Ozocubu's Armour      Ice            48%        N/A       2%          3
c - Stone Arrow           Conj/Erth      68%        3d11      8%          3
d - Petrify               Alch/Erth      32%        N/A       28%         4

Your spell library contained the following spells:

 Spells                   Type           Power      Damage    Failure   Level
 Passwall                 Erth           53%        N/A       1%          3
 Necrotise                Necr           36%        1d5       16%         1
 Jinxbite                 Hex            18%        N/A       24%         2
 Brom's Barrelling Bould  Conj/Erth      34%        2d5       24%         4
 Fugue of the Fallen      Necr           9%         N/A       43%         3
 Tukima's Dance           Hex            9%         N/A       43%         3
 Vampiric Draining        Necr           9%         2d6       43%         3
 Iskenderun's Mystic Bla  Conj/Tloc      11%        2d4       80%         4
 Dimensional Bullseye     Hex/Tloc       4%         N/A       85%         4
 Manifold Assault         Tloc           9%         N/A       85%         4
 Martyr's Knell           Necr/Summ      9%         N/A       85%         4
 Curse of Agony           Necr           9%         N/A       99%         5
 Yara's Violent Unravell  Hex/Alch       4%         3d4       99%         5
 Enfeeble                 Hex            4%         N/A       100%        7


Dungeon Overview and Level Annotations

Branches:
Dungeon (10/15)            Temple (0/1) D:4
   Lair: D:8-11         Orc: D:9-12

Shops:
D:3 (   D:5 :   D:7 (:

Annotations:
D:6 3 runed translucent doors, paps's ghost, novice TrBe
D:10 Snorg


Innate Abilities, Weirdness & Mutations

You have an increased reservoir of magic. (+10% MP)
You shall have no god before yourself.
Your divine heritage dramatically boosts your attributes as you level up.


Message History

Press: ? - help, Shift-Dir - straight line, f/p - Snorg
Aim: Snorg (heavily wounded, extremely poisoned, 74% to hit)
The stone arrow hits Snorg!
Snorg is severely wounded.
Snorg goes berserk!
Unknown command.
Casting: Stone Arrow (dangerous; 8% risk of failure)
Confirm with . or Enter, or press ? or * to list all spells.
Aiming: Stone Arrow (dangerous; 8% risk of failure)
Press: ? - help, Shift-Dir - straight line, f/p - Snorg
Aim: Snorg (severely wounded, berserk, extremely poisoned, 74% to hit)
The stone arrow misses Snorg.
You block Snorg's attack. x2
Snorg completely misses you. You block Snorg's attack. Snorg claws you!!
Snorg completely misses you.
Unknown command.
Casting: Stone Arrow (dangerous; 8% risk of failure)
Confirm with . or Enter, or press ? or * to list all spells.
Aiming: Stone Arrow (dangerous; 8% risk of failure)
Press: ? - help, Shift-Dir - straight line, f/p - Snorg
Aim: Snorg (severely wounded, berserk, extremely poisoned, 74% to hit)
The stone arrow hits Snorg!
Snorg is severely wounded.
Snorg bites you!! Snorg claws you!
* * * LOW HITPOINT WARNING * * *
Snorg completely misses you.
Casting: Stone Arrow (dangerous; 8% risk of failure)
Confirm with . or Enter, or press ? or * to list all spells.
Aiming: Stone Arrow (dangerous; 8% risk of failure)
Press: ? - help, Shift-Dir - straight line, f/p - Snorg
Aim: Snorg (severely wounded, berserk, extremely poisoned, 74% to hit)
The stone arrow hits Snorg!
Snorg is severely wounded.
Snorg bites you.
* * * LOW HITPOINT WARNING * * *
You block Snorg's attack. Snorg claws you.
* * * LOW HITPOINT WARNING * * *
You block Snorg's attack. Snorg claws you.
* * * LOW HITPOINT WARNING * * *
Snorg claws you!
You die...

..... ## .#.# #...# #.
...# #.... #. #..#
#..## ##. #..# #..# ..
#..# #..## #.
#..######....
#T#####.......)...#
.##.@.)....######.#..
#........##.######.###
###########...........
############


You could see Snorg (berserk, extremely poisoned).

Vanquished Creatures
  2 two-headed ogres
  Maurice (D:7)
  A hornet (D:10)
  Prince Ribbit (D:5)
  Grinder (D:5)
  3 shadows
  A wyvern (D:9)
  A wraith (D:9)
  5 yaks (D:8)
  An acid dragon (D:10)
  3 sky beasts
  A black bear (D:6)
  5 centaurs
  2 phantoms (D:6)
  5 kobold brigands
  3 bullfrogs (D:8)
  6 gnoll sergeants (D:6)
  A scorpion (D:5)
  4 killer bees (D:8)
  7 electric eels (D:8)
  A bombardier beetle (D:5)
  2 jellies (D:5)
  3 orc priests
  5 hounds
  3 gnoll boudas (D:6)
  A sleepcap (D:6)
  An iguana (D:7)
  Ijyb (D:5)
  4 orc wizards
  26 gnolls
  7 adders
  A white imp (D:7)
  2 ufetubi (D:6)
  2 dart slugs
  A ribbon worm (D:3)
  6 orcs
  7 endoplasms
  5 giant cockroaches
  9 goblins
  8 hobgoblins
  8 jackals
  34 kobolds
  6 quokkas
  4 ball pythons
  5 bats
  4 rats
210 creatures vanquished.

Notes
Turn   | Place    | Note
-------+----------+-------------------------------------------
     0 | D:1      | lis82 the Demigod Earth Elementalist began the quest for
                  | the Orb.
     0 | D:1      | Reached XP level 1. HP: 14/14 MP: 5/5
   265 | D:1      | Reached XP level 2. HP: 20/20 MP: 6/8
   972 | D:2      | Reached XP level 3. HP: 24/26 MP: 5/9
   980 | D:2      | Learned a level 3 spell: Stone Arrow
  1855 | D:3      | Reached XP level 4. HP: 33/33 MP: 6/10
  2112 | D:3      | Found Nueshrudo's Antique Weapon Emporium.
  2452 | D:4      | Reached skill level 5 in Earth Magic
  2452 | D:4      | Reached XP level 5. HP: 32/38 MP: 6/11
  3174 | D:4      | Found a staircase to the Ecumenical Temple.
  3296 | D:5      | Entered Level 5 of the Dungeon
  3393 | D:5      | Reached XP level 6. HP: 45/45 MP: 7/12
  3443 | D:5      | Found Lest's Book Boutique.
  3452 | D:5      | Noticed Grinder
  3460 | D:5      | Paralysed by Grinder for 3 turns
  3468 | D:5      | Paralysed by Grinder for 5 turns
  3474 | D:5      | Killed Grinder
  3677 | D:5      | Noticed Ijyb
  3685 | D:5      | Killed Ijyb
  3699 | D:5      | Learned a level 4 spell: Petrify
  3804 | D:5      | Reached XP level 7. HP: 50/50 MP: 10/13
  4199 | D:5      | Noticed Prince Ribbit
  4203 | D:5      | Killed Prince Ribbit
  4894 | D:6      | Identified the +1 leather armour of Aqiotric {+Inv Regen+}
  4968 | D:6      | Reached XP level 8. HP: 57/57 MP: 4/17
  5204 | D:6      | Reached skill level 5 in Spellcasting
  5588 | D:6      | Found a runed translucent gate.
  5588 | D:6      | Found a runed translucent gate.
  5588 | D:6      | Found a runed translucent gate.
  5589 | D:6      | Noticed paps's ghost (novice TrBe)
  5887 | D:6      | Reached skill level 1 in Shields
  5990 | D:7      | Found Gergheiq's Weapon Shop.
  6058 | D:7      | Noticed Maurice
  6062 | D:7      | Killed Maurice
  6063 | D:7      | Reached XP level 9. HP: 62/62 MP: 15/23
  6662 | D:7      | Reached skill level 5 in Shields
  6841 | D:7      | You fall into a shaft and drop 1 floor!
  7664 | D:7      | Found Nekom's Book Shoppe.
  8305 | D:8      | Learned a level 3 spell: Ozocubu's Armour
  8416 | D:9      | Reached skill level 1 in Ice Magic
  8438 | D:9      | Reached XP level 10. HP: 69/69 MP: 9/24
  8522 | D:9      | Identified a scroll of acquirement
  8522 | D:9      | Acquired 341 gold pieces
  8561 | D:9      | Noticed a two-headed ogre
  8567 | D:9      | Killed a two-headed ogre
  8910 | D:9      | Reached skill level 5 in Ice Magic
  9505 | D:10     | Entered Level 10 of the Dungeon
  9796 | D:10     | Noticed a two-headed ogre
  9804 | D:10     | Killed a two-headed ogre
  9924 | D:10     | Noticed Snorg
  9941 | D:10     | Slain by Snorg

Illustrated notes

Levels and vault maps discovered:
D:1:      minmay_arrival_widening_spiral_wide, layout_rooms, minmay_surrounded
D:2:      layout_loops_corners, basic_altar
D:3:      layout_rooms, xom_teletrap_fun, nicolae_dithmenos_the_darkroom,
          nicolae_wu_jian_wuxing_cycle, serial_shops, shop,
          dreamdust_ecumenical_altar_statues
D:4:      layout_basic, temple_hall
D:5:      layout_loops_ring, eat_drink_and_be_merry_uskayaw, serial_shops,
          kennysheep_little_box, uniq_grinder, uniq_ijyb, uniq_prince_ribbit1
D:6:      layout_cave_pools, mainiacjoe_overflow_big_doors, ebering_ghost_gozag,
          serial_gnoll_camp, gnoll_camp_mini_hut, gnoll_camp_medium_01,
          gnoll_camp_huts_basic, gnoll_camp_mini_hut
D:7:      layout_basic, trog_hazing_becter, elyvilon_altar_3, serial_shops,
          shop, shop, uniq_maurice
D:8:      layout_cave_pods, nicolae_sif_muna_condensation,
          nicolae_overflow_crystal_walls, serial_bayou_lake_a
D:9:      nicolae_whirlpool, layout_small_grid
D:10:     layout_loops_ring, lair_entry_dummy, uniq_snorg, uniq_grum

Skill      XL: |  1  2  3  4  5  6  7  8  9 10 |
---------------+-------------------------------+-----
Spellcasting   | 2 4 7 |  7.0
Earth Magic    | 3 4 5 6 7 8 |  8.4
Shields        | 3 8 |  8.0
Ice Magic      | 2 7 |  7.1
Dodging        | |  1.7
Stealth        | |  1.7
Conjurations   | |  0.8

Action                     |  1- 3 |  4- 6 |  7- 9 | 10-12 || total
---------------------------+-------+-------+-------+-------++-------
  Melee: Short sword       |     1 |     1 |       |       ||     2
         Dagger            |       |       |    48 |    19 ||    67
   Cast: Sandblast         |    61 |    51 |   104 |     9 ||   225
         Stone Arrow       |       |     7 |    89 |    37 ||   133
         Ozocubu's Armour  |       |       |       |     2 ||     2
         Petrify           |       |       |       |     1 ||     1
  Evoke: Wand              |       |       |       |     6 ||     6
    Use: Scroll            |       |     8 |     8 |     3 ||    19
   Stab: Sleeping          |       |       |     1 |       ||     1
         Petrified         |       |       |       |     8 ||     8
 Armour: Robe              |    14 |     8 |       |       ||    22
         Ring mail         |       |     7 |    20 |       ||    27
         Leather armour    |       |       |    65 |    23 ||    88
  Dodge: Dodged            |     8 |     9 |    67 |    16 ||   100
  Block: Kite shield       |       |       |    51 |    18 ||    69

Table legend: (Time is in decaauts)
 A = Elapsed time spent in this place.
 B = Non-inter-level travel time spent in this place.
 C = Inter-level travel time spent in this place.
 D = Time resting spent in this place.
 E = Time spent auto-exploring this place.
 F = Levels seen in this place.
 G = Mean time per level.
                   A        B        C        D        E       F      G
               +--------+--------+--------+--------+--------+-----+--------+
         Total |  10094 |   9905 |    189 |   1375 |   6747 |  10 | 1009.4 |
       Dungeon |  10094 |   9905 |    189 |   1375 |   6747 |  10 | 1009.4 |
               +--------+--------+--------+--------+--------+-----+--------+

Top non-repeatable levels by time:
     D:6: 1532 daAuts
     D:8: 1328 daAuts
     D:5: 1261 daAuts
     D:9: 1111 daAuts
     D:7: 1081 daAuts
     D:2: 1005 daAuts
     D:4: 985 daAuts
     D:1: 713 daAuts
     D:3: 635 daAuts
    D:10: 439 daAuts
